 Dungeon Crawl Stone Soup version 0.19.4 (console) character file.

15225 shpingle the Carver (level 11, -6/112 HPs)
             Began as a High Elf Berserker on Feb 4, 2017.
             Was a High Priest of Trog.
             Mangled by a 17-headed hydra (13 damage)
             ... on level 3 of the Lair of Beasts.
             The game lasted 01:11:24 (12503 turns).

shpingle the Carver (High Elf Berserker)           Turns: 12503, Time: 01:11:27

Health: -6/112     AC: 10    Str: 25    XL:     11   Next: 99%
Magic:  12/12      EV: 21    Int: 15    God:    Trog [*****.]
Gold:   865        SH:  5    Dex: 18    Spells: 0 memorised, 10 levels left

rFire  . . .     SeeInvis .     a - +2 falchion (slice)
rCold  + . .     Gourm    .     N - +3 leather armour of Qeryad {Str+5 Int+4}
rNeg   . . .     Faith    .     P - +0 buckler
rPois  .         Spirit   .     X - +2 hat
rElec  .         Reflect  .     (no cloak)
rCorr  +         Harm     .     (no gloves)
MR     +....                    L - +0 pair of boots
Stlth  ..........               E - amulet of regeneration
                                J - ring of resist corrosion
                                x - ring of protection from cold

@: berserking (expiring), very quick
A: weak 1
a: Berserk, Trog's Hand, Brothers in Arms, Burn Spellbooks, Renounce Religion


You were on level 3 of the Lair of Beasts.
You worshipped Trog.
Trog was extremely pleased with you.
You were not hungry.

You visited 2 branches of the dungeon, and saw 12 of its levels.

You collected 865 gold pieces.

Inventory:

Hand Weapons
 a - a +2 falchion of slicing (weapon)
 b - a +2 trident of venom
 D - a +0 shortbow
 U - a +0 blowgun
Missiles
 i - 321 arrows
 w - 321 stones
 B - 57 poisoned needles
 C - 13 tomahawks (quivered)
 R - 6 curare-tipped needles
 S - 7 poisoned javelins {god gift}
Armour
 n - a +0 scale mail
 L - a +0 pair of boots (worn)
 N - the +3 leather armour of Qeryad (worn) {Str+5 Int+4}
   (You found it on level 6 of the Dungeon)

   It affects your strength (+5).
   It affects your intelligence (+4).
 P - a +0 buckler (worn)
 X - a +2 hat (worn)
 Y - the +1 robe "Ykimisuc" {rElec rN++ MP+9 Dex+2}
   (You found it on level 7 of the Dungeon)

   It affects your dexterity (+2).
   It insulates you from electricity.
   It greatly protects you from negative energy.
   It affects your magic capacity (+9).
Jewellery
 k - an uncursed ring of protection from fire
 x - a ring of protection from cold (left hand)
 E - an amulet of regeneration (around neck)
 J - a ring of resist corrosion (right hand)
 Z - an uncursed amulet of the gourmand
Wands
 q - a wand of teleportation (9/9)
 y - a wand of paralysis (12/24)
 T - a wand of disintegration (22/24)
Scrolls
 j - a scroll of enchant armour {unknown}
 l - 2 scrolls of teleportation
 s - a scroll of remove curse
 u - a scroll of immolation {unknown}
 A - a scroll of fog {unknown}
 F - a scroll of fear
 G - 2 scrolls of blinking
 H - a scroll of acquirement {unknown}
 I - a scroll of silence {unknown}
 V - a scroll of holy word {unknown}
 W - a scroll of brand weapon {unknown}
Potions
 g - 3 potions of degeneration {unknown}
 m - 6 potions of curing
 o - 2 potions of berserk rage
 p - 2 potions of might
 t - 4 potions of heal wounds {unknown}
 z - a potion of haste {unknown}
 K - 3 potions of invisibility {unknown}
 M - 2 potions of agility
 Q - a potion of cancellation
Comestibles
 c - 11 bread rations
 f - 2 beef jerkies
 O - 5 chunks of flesh


   Skills:
 + Level 7.5 Fighting
 * Level 13.0 Long Blades
 - Level 4.0 Bows
 - Level 1.0 Throwing
 + Level 8.1 Armour
 * Level 11.6 Dodging
 - Level 4.0 Shields
 + Level 1.3 Evocations


You had 10 spell levels left.
You didn't know any spells.

Dungeon Overview and Level Annotations

Branches:
Dungeon (9/15)             Temple (0/1) D:4            Lair (3/6) D:9
 Spider (0/4) Lair:3
  Swamp: Lair:2-4    Shoals: Lair:2-4       Orc: D:9-12

Altars:
Gozag
Hepliaklqana
Makhleb
Nemelex Xobeh
Qazlal
Ru
Sif Muna
Trog
Uskayaw
Vehumet
Xom

Shops:
D:4 %   D:9 (}

Annotations:
D:2 exclusion: downstairs
D:6 exclusion: downstairs


Innate Abilities, Weirdness & Mutations

You are weak. (Str -2)


Message History

The 14-headed hydra misses you.
The 14-headed hydra bites you but does no damage.
The 14-headed hydra closely misses you.
You chop one of the 14-headed hydra's heads off!
The 13-headed hydra grows two more!
You slash the 15-headed hydra!
The 15-headed hydra is heavily wounded.
You lop one of the 15-headed hydra's heads off!
The 14-headed hydra grows two more!
You slash the 16-headed hydra!
The 16-headed hydra is heavily wounded.
You chop one of the 16-headed hydra's heads off!
The 15-headed hydra grows two more!
You slash the 17-headed hydra!
The 17-headed hydra is severely wounded.
The 17-headed hydra bites you but does no damage.
The 17-headed hydra bites you.
* * * LOW HITPOINT WARNING * * *
The 17-headed hydra misses you.
The 17-headed hydra completely misses you.
The 17-headed hydra bites you but does no damage.
The 17-headed hydra closely misses you. The 17-headed hydra bites you!
You die...

.........................█
........................██
.......█................█
..██.PP.................█
.......................(██
................█.█P.....█
.>.....╬╬╬.......███....██
......╬ ╬╬.....███.....█
......╬ ╬......█.█.....██
█.■...╬ ╬......█..P....P█
█.....╬╬ ╬.....D@...%...█
...^...╬╬╬..............P█
█..................█+█..██
█.......................██
█.......████..██.█...█..P█
........█ █████.█......█
........█ █......█..█
.....█...█ ██.█...+..██
........██ █........P█
......█.█ ██.P......██
......+.██ █P.P......█


You could see a 17-headed hydra.

Vanquished Creatures
  The ghost of zephy the Slicer, a journeyman DsGl of Hepliaklqana (Lair:2)
  An oklob plant (Lair:2)
  An ugly thing (D:9)
  7 spiny frogs
  A komodo dragon (Lair:1)
  A rime drake (Lair:3)
  4 jumping spiders (Lair:3)
  Grinder (D:3)
  A two-headed ogre (D:8)
  A hippogriff (Lair:1)
  17 yaks
  3 redbacks (Lair:3)
  A wyvern (Lair:3)
  A basilisk (Lair:1)
  7 water moccasins
  7 porcupines
  A phantom (D:7)
  An orc warrior (D:7)
  An ice beast (D:9)
  A sky beast (D:8)
  2 necrophages (D:9)
  4 ogres
  2 crocodiles
  6 centaurs
  2 big kobolds
  11 bullfrogs
  A gnoll sergeant (D:7)
  2 scorpions
  16 killer bees
  5 wights (D:9)
  2 howler monkeys
  2 electric eels (D:7)
  4 crimson imps
  A quasit (D:5)
  A bullfrog zombie (D:7)
  6 hounds
  3 jellies
  A centaur zombie (D:7)
  5 orc priests
  A centaur skeleton (D:7)
  2 orc wizards
  4 bullfrog skeletons
  2 iguanas
  5 worker ants
  Natasha (thrice) (D:4)
  A hound zombie (D:8)
  2 hound skeletons
  A worker ant zombie (D:7)
  4 gnolls (D:7)
  11 adders
  3 shadow imps
  3 adder zombies
  An adder skeleton (D:8)
  3 worms
  A dart slug (D:2)
  2 leopard geckos
  19 orcs
  4 giant cockroaches
  8 hobgoblins
  10 jackals
  5 quokkas
  5 bats
  3 frilled lizards
  11 goblins
  18 kobolds
  A quokka zombie (D:8)
  13 rats
281 creatures vanquished.

Vanquished Creatures (collateral kills)
  3 yaks (Lair:2)
3 creatures vanquished.

Vanquished Creatures (others)
  A rat (D:3)
  A bush (Lair:1)
  3 fungi (Lair:1)
  12 plants
17 creatures vanquished.

Grand Total: 301 creatures vanquished

Notes
Turn   | Place    | Note
-------+----------+-------------------------------------------
     0 | D:1      | shpingle the High Elf Berserker began the quest for the Orb.
     0 | D:1      | Reached XP level 1. HP: 16/16 MP: 2/2
   509 | D:1      | Reached XP level 2. HP: 20/21 MP: 3/3
   570 | D:1      | Reached skill level 4 in Long Blades
  1286 | D:2      | Reached XP level 3. HP: 26/26 MP: 4/4
  1287 | D:2      | Reached ** piety under Trog
  1324 | D:2      | Found a bloodstained altar of Trog.
  1351 | D:2      | Found a hazy altar of Hepliaklqana.
  1926 | D:2      | Found a shimmering altar of Xom.
  1928 | D:2      | Found a radiant altar of Vehumet.
  1928 | D:2      | Found a shimmering altar of Xom.
  1930 | D:2      | Found a sacrificial altar of Ru.
  1930 | D:2      | Found a sacrificial altar of Ru.
  1930 | D:2      | Found a stormy altar of Qazlal.
  2112 | D:3      | Reached skill level 5 in Long Blades
  2112 | D:3      | Reached skill level 3 in Dodging
  2112 | D:3      | Reached XP level 4. HP: 27/31 MP: 5/5
  2353 | D:3      | Noticed Grinder
  2361 | D:3      | Killed Grinder
  2361 | D:3      | Reached skill level 3 in Armour
  2361 | D:3      | Reached XP level 5. HP: 36/36 MP: 6/6
  2361 | D:3      | Reached XP level 6. HP: 42/42 MP: 7/7
  2682 | D:3      | Reached skill level 6 in Long Blades
  2800 | D:3      | Reached *** piety under Trog
  2907 | D:3      | Found a stormy altar of Qazlal.
  3153 | D:3      | Found a deep blue altar of Sif Muna.
  3633 | D:4      | Found a staircase to the Ecumenical Temple.
  3674 | D:4      | Noticed Natasha
  3682 | D:4      | Killed Natasha
  3826 | D:4      | Noticed Natasha
  3832 | D:4      | Killed Natasha
  3832 | D:4      | Reached XP level 7. HP: 46/46 MP: 8/8
  4050 | D:4      | Found Upumul's Food Emporium.
  4411 | D:4      | Noticed Natasha
  4411 | D:5      | Entered Level 5 of the Dungeon
  4464 | D:4      | Killed Natasha
  4735 | D:5      | Reached skill level 7 in Long Blades
  4928 | D:5      | Reached **** piety under Trog
  5050 | D:6      | Reached XP level 8. HP: 48/54 MP: 9/9
  5110 | D:6      | Reached skill level 6 in Dodging
  5365 | D:6      | Got a jacinth-encrusted leather armour
  5376 | D:6      | Identified the +3 leather armour of Qeryad {Str+5 Int+4} (You found it on level 6 of the Dungeon)
  5740 | D:6      | Found a hide-covered altar of Uskayaw.
  5787 | D:6      | Found an opulent altar of Gozag.
  6062 | D:7      | Reached skill level 8 in Long Blades
  6069 | D:7      | Reached skill level 3 in Bows
  6329 | D:7      | Reached XP level 9. HP: 58/58 MP: 10/10
  6379 | D:7      | Received a gift from Trog
  6635 | D:7      | Reached skill level 9 in Long Blades
  6908 | D:7      | Found a burning altar of Makhleb.
  6943 | D:7      | Reached skill level 3 in Shields
  7277 | D:8      | Reached skill level 6 in Armour
  7447 | D:8      | Found a sacrificial altar of Ru.
  7576 | D:8      | Reached ***** piety under Trog
  8002 | D:9      | Found Duju Fojyss's Gadget Boutique.
  8014 | D:9      | Reached XP level 10. HP: 66/66 MP: 11/11
  8067 | D:9      | Noticed a purple ugly thing
  8077 | D:9      | Killed a purple ugly thing
  8077 | D:9      | Reached skill level 10 in Long Blades
  8089 | D:9      | Gained mutation: You are weak. (Str -2) [mutagenic meat]
  8115 | D:9      | Found a sparkling altar of Nemelex Xobeh.
  8351 | D:9      | Reached skill level 9 in Dodging
  8382 | D:9      | Found Neazum's Antique Weapon Emporium.
  8406 | D:9      | Found a staircase to the Lair.
  8627 | D:9      | Got an iridescent trident
  8628 | D:9      | Identified the cursed +2 trident of Classification {drain, Int+4} (You found it on level 9 of the Dungeon)
  8676 | Lair:1   | Entered Level 1 of the Lair of Beasts
  8747 | Lair:1   | Noticed a spiny frog
  8760 | Lair:1   | Killed a spiny frog
  8760 | Lair:1   | Reached skill level 6 in Fighting
  8935 | D:7      | Got a heavily jewelled robe
  8946 | D:7      | Identified the cursed +1 robe "Ykimisuc" {rElec rN++ MP+9 Dex+2} (You found it on level 7 of the Dungeon)
  9454 | Lair:1   | Noticed a spiny frog
  9456 | Lair:1   | Noticed a spiny frog
  9479 | Lair:1   | Killed a spiny frog
  9479 | Lair:1   | Reached skill level 11 in Long Blades
  9601 | Lair:1   | Killed a spiny frog
  9601 | Lair:1   | Received a gift from Trog
  9986 | Lair:1   | Noticed a spiny frog
  9992 | Lair:1   | Killed a spiny frog
 10087 | Lair:1   | Reached XP level 11. HP: 63/74 MP: 12/12
 10391 | Lair:2   | Noticed zephy's ghost (journeyman DsGl)
 10408 | Lair:2   | Killed zephy's ghost
 10643 | Lair:2   | Reached skill level 12 in Long Blades
 11179 | Lair:2   | Found a shimmering altar of Xom.
 11179 | Lair:2   | Noticed an oklob plant
 11212 | Lair:2   | Killed an oklob plant
 12122 | Lair:3   | Found a hole to the Spider Nest.
 12138 | Lair:3   | Received a gift from Trog
 12245 | Lair:3   | Reached skill level 13 in Long Blades
 12488 | Lair:3   | Noticed a five-headed hydra
 12503 | Lair:3   | Mangled by a 17-headed hydra

Skill      XL: |  1  2  3  4  5  6  7  8  9 10 11 |
---------------+----------------------------------+-----
Armour         | 2 3 4 5 6 7 8 |  8.1
Long Blades    | 4 5 6 7 8 9 11 13 | 13.0
Dodging        | 3 4 5 7 8 10 11 | 11.6
Bows           | 1 3 4 |  4.0
Fighting       | 4 5 6 7 |  7.5
Shields        | 2 4 |  4.0
Throwing       | 1 |  1.0
Evocations     | 1 |  1.3

Action                   |  1- 3 |  4- 6 |  7- 9 | 10-12 || total
-------------------------+-------+-------+-------+-------++-------
Melee: Falchion          |   116 |   180 |   405 |   444 ||  1145
       Trident           |       |       |       |    33 ||    33
 Fire: Shortbow          |       |       |    17 |       ||    17
Throw: Stone             |     3 |     4 |    12 |       ||    19
       Tomahawk          |       |       |     5 |    11 ||    16
Invok: Berserk           |     4 |     4 |    12 |    19 ||    39
       Trog's Hand       |       |     1 |       |     2 ||     3
       Brothers in Arms  |       |       |       |     2 ||     2
Evoke: Wand              |       |       |       |     2 ||     2
  Use: Scroll            |       |       |    10 |    12 ||    22
       Potion            |       |       |     2 |     2 ||     4
 Stab: Sleeping          |       |       |     1 |     3 ||     4
       Distracted        |       |       |       |     1 ||     1
  Eat: Chunk             |     7 |     8 |    24 |    23 ||    62
       Beef jerky        |       |     1 |       |       ||     1
       Royal jelly       |       |       |     1 |     2 ||     3
       Pizza             |       |       |     1 |     1 ||     2
       Fruit             |       |       |       |     2 ||     2
       Bread ration      |       |       |       |     1 ||     1
Armor: Animal skin       |     7 |       |       |       ||     7
       Scale mail        |    21 |    67 |    45 |       ||   133
       Leather armour    |       |       |    50 |    40 ||    90
       Robe              |       |       |       |    15 ||    15
Dodge: Dodged            |    83 |    92 |   243 |   287 ||   705
Block: Buckler           |       |       |    38 |    73 ||   111
       Rpst.: Falchion   |    30 |    23 |    84 |    82 ||   219
